 Dungeon Crawl Stone Soup version 0.20.1-1-g8b1a95d (webtiles) character file.

1388 homeworkjunkie the Cleaver (level 8, -2/68 HPs)
             Began as a Hill Orc Fighter on Nov 29, 2017.
             Slain by Brandom's ghost (13 damage)
             ... on level 6 of the Dungeon.
             The game lasted 00:09:26 (3707 turns).

homeworkjunkie the Cleaver (Hill Orc Fighter)       Turns: 3707, Time: 00:09:26

Health: -2/68      AC: 10    Str: 21    XL:     8   Next: 68%
Magic:  10/10      EV: 12    Int:  8    God:
Gold:   55         SH: 14    Dex: 12    Spells: 7/7 levels left

rFire    . . .     SeeInvis +   a - +1 war axe
rCold    . . .     Gourm    .   c - +0 shield
rNeg     . . .     Faith    .   u - +0 ring mail "Buwky" {MR+ rCorr} (curse)
rPois    +         Spirit   .   (no helmet)
rElec    .         Reflect  .   (no cloak)
rCorr    +         Harm     .   w - +2 pair of gloves
MR       +....     Clarity  +   p - +0 pair of boots
Stlth    +.........             (no amulet)
Regen    0.3/turn               g - +3 ring of evasion
MPRegen  0.2/turn               A - ring of see invisible

@: no status effects
A: large bone plates 1, thin skeletal structure 1, clarity, poison resistance
a: no special abilities


You were on level 6 of the Dungeon.
You were full.

You visited 1 branch of the dungeon, and saw 7 of its levels.

You collected 271 gold pieces.
You spent 216 gold pieces at shops.

Inventory:

Hand Weapons
 a - a +1 war axe (weapon)
Armour
 c - a +0 shield (worn)
 p - a +0 pair of boots (worn)
 t - a +0 plate armour
 u - the cursed +0 ring mail "Buwky" (worn) {MR+ rCorr}
   (You found it on level 4 of the Dungeon)

   It affects your resistance to hostile enchantments.
   It protects you from acid and corrosion.
   It has a curse placed upon it.
 w - a +2 pair of gloves (worn)
Jewellery
 g - a +3 ring of evasion (left hand)
 h - an uncursed ring of flight
 A - a ring of see invisible (right hand)
Wands
 d - a wand of paralysis (6/24)
 x - a wand of iceblast (10/15)
 y - a wand of random effects (33/48)
Scrolls
 e - a scroll of teleportation
 j - a scroll of blinking
 l - a scroll of recharging
 o - a scroll of identify
Potions
 k - 3 potions of haste
 m - a potion of lignification {unknown}
 n - a potion of flight
 q - 2 potions of degeneration {unknown}
 r - 2 potions of might
 s - 2 potions of curing
 v - 3 potions of heal wounds
Comestibles
 b - 4 fruits
 f - 2 bread rations
 i - 4 meat rations


   Skills:
 * Level 5.2 Fighting
 * Level 8.7 Axes
 * Level 5.4 Armour
 + Level 2.0 Dodging
 + Level 1.3 Stealth
 * Level 5.7 Shields
 * Level 2.9 Evocations


You had 7 spell levels left.
You didn't know any spells.

Dungeon Overview and Level Annotations

Branches:
Dungeon (7/15)
 Temple: D:4-7

Altars:
Dithmenos
Fedhas
Gozag
Ru
The Shining One

Shops:
D:4 !   D:5 %

Annotations:
D:6 Brandom's ghost, novice FoAK


Innate Abilities, Weirdness & Mutations

You are partially covered in large bone plates. (SH +4)
You have a somewhat thin skeletal structure. (Dex +2, Stealth)
You possess an exceptional clarity of mind.
Your system is resistant to poisons. (rPois)


Message History

Brandom's ghost proudly claims, "A renegade god deserves renegade ghosts."
Brandom's ghost hits you but does no damage.
You are electrocuted!
* * * LOW HITPOINT WARNING * * *
You block Brandom's ghost's attack.
You see here an arrow.
You block Brandom's ghost's attack.
Evoke which item? (* to show all) (? for menu, Esc to quit)
Aiming: Paralyse
Press: ? - help, Shift-Dir - straight line, f - you, p - Brandom's ghost That beam is likely to hit you.
Continue anyway? [Y]es or [N]o only, please.
That beam is likely to hit you.
Continue anyway?
Okay, then.
You hit Brandom's ghost.
Brandom's ghost is lightly damaged.
Brandom's ghost hits you.
* * * LOW HITPOINT WARNING * * *
You are electrocuted!
You die...

.# #.......#
...###>......#
.........รทรท...#
######...#.####
###.<....#
###....###
#...#.##
#####.##..#
#cW@..# .##
#(######.#
#Z........
#c........
...........
#.........
......!...
.#.........
.#.........


You could see a centaur and Brandom's ghost.

Vanquished Creatures
  Sigmund (D:6)
  A water moccasin (D:6)
  Purgy (D:4)
  2 sky beasts (D:5)
  A black bear (D:6)
  The ghost of Gerstahl the Slasher, an amateur NaSk (D:3)
  2 ogres (D:4)
  A howler monkey (D:5)
  2 hounds
  Ijyb (D:3)
  2 orc wizards (D:4)
  3 worker ants
  2 hound skeletons
  11 adders
  An adder zombie (D:5)
  2 adder skeletons
  A dart slug (D:1)
  8 leopard geckos
  9 orcs
  A ball python (D:3)
  4 giant cockroaches
  4 hobgoblins
  14 jackals
  6 kobolds
  2 quokkas (D:5)
  9 bats
  5 frilled lizards
  9 goblins
  A jackal skeleton (D:4)
  A leopard gecko zombie (D:5)
  6 rats
114 creatures vanquished.

Notes
Turn   | Place    | Note
-------+----------+-------------------------------------------
     0 | D:1      | homeworkjunkie the Hill Orc Fighter began the quest for the Orb.
     0 | D:1      | Reached XP level 1. HP: 19/19 MP: 1/1
   197 | D:1      | Reached XP level 2. HP: 20/27 MP: 2/2
   218 | D:1      | Reached skill level 3 in Axes
   356 | D:2      | Found a faded altar of an unknown god.
   363 | D:2      | Reached XP level 3. HP: 27/33 MP: 3/3
   431 | D:3      | Found a shadowy altar of Dithmenos.
   438 | D:3      | Noticed Ijyb
   446 | D:3      | Paralysed by Ijyb for 3 turns
   459 | D:3      | Killed Ijyb
   459 | D:3      | Reached XP level 4. HP: 37/40 MP: 4/4
   615 | D:2      | Reached skill level 4 in Axes
   758 | D:3      | Reached XP level 5. HP: 37/46 MP: 5/5
   827 | D:3      | Noticed Gerstahl's ghost (amateur NaSk)
   856 | D:3      | Killed Gerstahl's ghost
   856 | D:3      | Reached skill level 1 in Dodging
   856 | D:3      | Reached XP level 6. HP: 20/52 MP: 6/6
   886 | D:3      | Gained mutation: Your spells are a little harder to cast, but a little more powerful. [potion of mutation]
   886 | D:3      | Gained mutation: You are resistant to hostile enchantments. (MR+) [potion of mutation]
   970 | D:3      | Reached skill level 5 in Axes
  1027 | D:3      | Found a blossoming altar of Fedhas.
  1027 | D:3      | Found an opulent altar of Gozag.
  1908 | D:1      | Found a glowing golden altar of the Shining One.
  2151 | D:4      | Got an encrusted ring mail
  2162 | D:4      | Identified the cursed +0 ring mail "Buwky" {MR+ rCorr} (You found it on level 4 of the Dungeon)
  2176 | D:4      | Found Noji's Distillery.
  2188 | D:4      | Bought a potion of heal wounds for 60 gold pieces
  2188 | D:4      | Bought a potion of heal wounds for 60 gold pieces
  2188 | D:4      | Lost mutation: You are resistant to hostile enchantments. (MR+) [potion of mutation]
  2188 | D:4      | Lost mutation: Your spells are a little harder to cast, but a little more powerful. [potion of mutation]
  2188 | D:4      | Gained mutation: You are frail. (-10% HP) [potion of mutation]
  2188 | D:4      | Gained mutation: You have a pair of small horns on your head. [potion of mutation]
  2375 | D:4      | Reached skill level 1 in Evocations
  2375 | D:4      | Reached XP level 7. HP: 54/54 MP: 7/7
  2409 | D:4      | Found a sacrificial altar of Ru.
  2486 | D:4      | Noticed Purgy
  2497 | D:4      | Killed Purgy
  2497 | D:4      | Reached skill level 6 in Axes
  2497 | D:4      | Reached skill level 1 in Stealth
  2497 | D:4      | Reached skill level 5 in Shields
  2545 | D:5      | Entered Level 5 of the Dungeon
  2662 | D:4      | Bought a potion of mutation for 96 gold pieces
  2662 | D:4      | Lost mutation: You are frail. (-10% HP) [potion of mutation]
  2662 | D:4      | Lost mutation: You have a pair of small horns on your head. [potion of mutation]
  2662 | D:4      | Gained mutation: You are resistant to hostile enchantments. (MR+) [potion of mutation]
  2662 | D:4      | Gained mutation: Armour fits poorly on your strangely shaped body. [potion of mutation]
  2662 | D:4      | Gained mutation: You are occasionally teleported next to monsters. [potion of mutation]
  2662 | D:4      | Gained mutation: You are surrounded by a mild repulsion field. (EV +2) [potion of mutation]
  2663 | D:4      | Lost mutation: You are occasionally teleported next to monsters. [potion of mutation]
  2663 | D:4      | Lost mutation: You are surrounded by a mild repulsion field. (EV +2) [potion of mutation]
  2663 | D:4      | Lost mutation: You are resistant to hostile enchantments. (MR+) [potion of mutation]
  2663 | D:4      | Lost mutation: Armour fits poorly on your strangely shaped body. [potion of mutation]
  2663 | D:4      | Gained mutation: You possess an exceptional clarity of mind. [potion of mutation]
  2663 | D:4      | Gained mutation: You have a somewhat thin skeletal structure. (Dex +2, Stealth) [potion of mutation]
  2663 | D:4      | Gained mutation: You are partially covered in large bone plates. (SH +4) [potion of mutation]
  2663 | D:4      | Gained mutation: Your system is resistant to poisons. (rPois) [potion of mutation]
  2723 | D:4      | Reached skill level 5 in Armour
  2861 | D:5      | Found a blossoming altar of Fedhas.
  2880 | D:5      | Reached skill level 7 in Axes
  2887 | D:5      | Found Amaori's Food Boutique.
  3053 | D:5      | Reached XP level 8. HP: 67/67 MP: 9/9
  3169 | D:6      | Noticed Sigmund
  3177 | D:6      | Killed Sigmund
  3177 | D:6      | Reached skill level 5 in Fighting
  3312 | D:5      | Reached skill level 8 in Axes
  3688 | D:6      | Noticed Brandom's ghost (novice FoAK)
  3707 | D:6      | Slain by Brandom's ghost

Skill      XL: |  1  2  3  4  5  6  7  8 |
---------------+-------------------------+-----
Axes           | 3 4 5 7 8 |  8.7
Fighting       | 4 5 |  5.2
Shields        | 4 5 |  5.7
Armour         | 4 5 |  5.4
Dodging        | 1 2 |  2.0
Evocations     | 1 2 |  2.9
Stealth        | 1 |  1.3

Action                   |  1- 3 |  4- 6 |  7- 9 || total
-------------------------+-------+-------+-------++-------
Melee: War axe           |    63 |   216 |   104 ||   383
       Headbutt          |       |     4 |     4 ||     8
Evoke: Wand              |       |    16 |    17 ||    33
  Use: Potion            |     1 |     5 |     2 ||     8
       Scroll            |       |     9 |     5 ||    14
 Stab: Paralysed         |       |     9 |     8 ||    17
  Eat: Bread ration      |       |     2 |       ||     2
       Fruit             |       |       |     6 ||     6
Armor: Scale mail        |    36 |    71 |       ||   107
       Plate armour      |       |     8 |       ||     8
       Ring mail         |       |     5 |    39 ||    44
Dodge: Dodged            |    26 |   129 |    45 ||   200
Block: Shield            |    34 |   146 |    88 ||   268
